 Dungeon Crawl Stone Soup version 0.30-a0-347-gf58ed5266c (webtiles) character file.

Game seed: 18034402790942485401

721 greenreed the Chopper (level 7, -2/60 HPs)
             Began as a Ghoul Monk on Nov 5, 2022.
             Was an Elder of Kikubaaqudgha.
             Splashed by a jelly's acid (4 damage)
             ... on level 5 of the Dungeon.
             The game lasted 00:16:10 (6738 turns).

greenreed the Chopper (Ghoul Monk)                  Turns: 6738, Time: 00:16:10

Health: -2/60      AC: -11   Str: 17    XL:     7   Next: 71%
Magic:  10/10      EV: 13    Int:  5    God:    Kikubaaqudgha [****..]
Gold:   201        SH:  0    Dex: 11    Spells: 10/11 levels left

rFire   . . .      SeeInvis .    a - +0 hand axe
rCold   + . .      Faith    .    (no shield)
rNeg    + + +      Spirit   .    b - +0 robe
rPois   ∞          Reflect  .    k - +2 hat
rElec   .          Harm     .    (no cloak)
rCorr   .          Rampage  .    i - +0 pair of gloves
Will    .....                    (no boots)
Stlth   ++........               (no amulet)
HPRegen 0.00/turn                y - ring of wizardry
MPRegen 0.12/turn                (no ring)

@: corroded, inhibited regen
A: claws 1, cold resistance 1, negative energy resistance 3, inhibited
regeneration, torment resistance 2, devour on kill
a: Renounce Religion, Unearth Wretches


You were on level 5 of the Dungeon.
You worshipped Kikubaaqudgha.
Kikubaaqudgha was greatly pleased with you.
You visited 1 branch of the dungeon, and saw 5 of its levels.

You collected 292 gold pieces.
You spent 91 gold pieces at shops.

Inventory:

Hand Weapons
 a - a +0 hand axe (weapon)
Missiles
 f - 3 datura-tipped darts
 g - 10 poisoned darts
 l - 2 throwing nets
Armour
 b - a +0 robe (worn)
 i - a +0 pair of gloves (worn)
 k - a +2 hat (worn)
Jewellery
 y - a ring of wizardry (left hand)
 z - a ring of willpower
Scrolls
 d - 5 scrolls of teleportation
 j - a scroll of enchant armour {unknown}
 n - a scroll of vulnerability
 o - 2 scrolls of amnesia
 q - a scroll of magic mapping
 r - a scroll of summoning
 s - a scroll of silence {unknown}
 u - a scroll of poison
 x - a scroll of torment {unknown}
 A - a scroll of immolation {unknown}
Potions
 c - a potion of ambrosia
 e - a potion of degeneration
 h - a potion of heal wounds {unknown}
 m - 2 potions of berserk rage
 p - a potion of attraction
 t - a potion of flight
 w - a potion of lignification {unknown}


   Skills:
 + Level 4.6 Fighting
 + Level 5.2 Axes
 + Level 3.9 Dodging
 + Level 3.1 Stealth
 * Level 2.7 Spellcasting
 * Level 2.2 Necromancy


You had 10 spell levels left.
You knew the following spells:

 Your Spells              Type           Power      Damage    Failure   Level
a - Necrotise             Necr           8%         1d4       6%          1

Your spell library contained the following spells:

 Spells                   Type           Power      Damage    Failure   Level
 Kiss of Death            Conj/Necr      4%         2d5       11%         1
 Cigotuvi's Dreadful Rot  Necr/Pois/Air  2%         N/A       17%         2
 Vampiric Draining        Necr           2%         2d6       19%         3
 Dispel Undead            Necr           2%         3d7       52%         4
 Anguish                  Hex/Necr       0%         N/A       67%         4
 Agony                    Necr           2%         N/A       85%         5
 Borgnjor's Vile Clutch   Necr/Erth      0%         N/A       94%         5
 Simulacrum               Ice/Necr       0%         N/A       100%        6


Dungeon Overview and Level Annotations

Branches:
Dungeon (5/15)             Temple (0/1) D:5

Altars:
Hepliaklqana
Kikubaaqudgha
Trog
Uskayaw
Vehumet

Shops:
D:3 !


Innate Abilities, Weirdness & Mutations

You are immune to poison.
You have sharp fingernails.
Your flesh is cold resistant. (rC+)
You are immune to negative energy. (rN+++)
You do not regenerate when monsters are visible.
You are immune to unholy pain and torment.
You thrive by killing the living.


Message History

Magic restored.
You see here a black bear corpse.
There is an open door here.
A jelly comes into view.
The jelly quivers.
You hit the jelly but do no damage. The acid corrodes you!
Your hands burn!
The jelly closely misses you.
You hit the jelly.
Your hands burn!
The jelly is lightly wounded.
The jelly hits you but does no damage.
You hit the jelly but do no damage.
Your hands burn!
The jelly is lightly wounded.
The jelly hits you but does no damage.
You hit the jelly but do no damage.
Your hands burn!
The jelly is lightly wounded.
The jelly hits you.
You are splashed with acid.
You completely miss the jelly. The jelly barely misses you.
You hit the jelly but do no damage. The acid corrodes you!
Your hands burn!
The jelly hits you. The acid corrodes you!
You are splashed with acid!
You are too injured to fight recklessly!
You are too injured to fight recklessly!
You are too injured to fight recklessly!
You are too injured to fight recklessly!
You hit the jelly.
Your hands burn!
The jelly is lightly wounded.
The jelly hits you. The acid corrodes you!
You are splashed with acid!
* * * LOW HITPOINT WARNING * * *
You completely miss the jelly.
The jelly is lightly wounded.
The jelly hits you.
* * * LOW HITPOINT WARNING * * *
You are splashed with acid!
* * * LOW HITPOINT WARNING * * *
You hit the jelly but do no damage.
Your hands burn!
* * * LOW HITPOINT WARNING * * *
The jelly is lightly wounded.
The jelly closely misses you.
You hit the jelly but do no damage. The acid corrodes you!
Your hands burn!
You die...
Kikubaaqudgha rasps: "You have failed me!
Welcome... oblivion!"

,*********,*
*,,,,,,,,,,,****,,,,
,+,,,,* *,*
#..........,* *,,,,
,****,* *,*
#...........* *,,,, ,**
*,* *,###...........#
*,,,, ,,* *,*
*,#.............# *,,,,
*,***,*
*,#.............# *,,,*
,,,,,,*
*,#.............# ***,,*
,******
*,#...J.........# *,,,**
,,,,***
*,#....@........# *,*,,,
***,,,*
*,#...##.......#* *,,,**
****+****+###**#.......#
***,,, *,,,,,,,,,,,*
#.......# ***,
*,,,,,,,,,,,* ##......#
** *,,,,,,,,,,,*
###'#### *,,,,,,,,,,,*
#..#
*******,,,,*########.#
***,*,.≈≈§≈≈..##


You could see a jelly.

Vanquished Creatures
  A black bear (D:5)
  A scorpion (D:5)
  A vampire bat (D:4)
  A jelly (D:4)
  3 iguanas (D:5)
  5 adders
  12 gnolls (D:3)
  A worm (D:3)
  2 dart slugs
  3 fire bats (D:4)
  3 orcs (D:4)
  2 spectral bats (D:4)
  17 bats
  3 bat skeletons (D:4)
  A bat zombie (D:4)
  6 endoplasms
  6 giant cockroaches
  34 goblins
  27 hobgoblins
  15 jackals
  10 quokkas
  5 ball pythons
  A bat simulacrum (D:4)
  2 frilled lizards (D:1)
  11 kobolds
  3 rats
176 creatures vanquished.

Vanquished Creatures (collateral kills)
  A hobgoblin (D:4)
1 creature vanquished.

Grand Total: 177 creatures vanquished

Notes
Turn   | Place    | Note
-------+----------+-------------------------------------------
     0 | D:1      | greenreed the Ghoul Monk began the quest for the Orb.
     0 | D:1      | Reached XP level 1. HP: 19/19 MP: 0/0
   183 | D:1      | Reached XP level 2. HP: 26/26 MP: 1/1
   291 | D:1      | Reached skill level 3 in Axes
   367 | D:1      | Reached XP level 3. HP: 31/33 MP: 2/2
  1138 | D:2      | Found a faded altar of an unknown god.
  1143 | D:2      | Reached XP level 4. HP: 37/40 MP: 3/3
  1975 | D:3      | Found Hayry's Distillery.
  1979 | D:3      | Bought a potion of curing for 39 gold pieces
  1979 | D:3      | Bought a potion of might for 52 gold pieces
  2146 | D:3      | Found an ancient bone altar of Kikubaaqudgha.
  2154 | D:3      | Became a worshipper of Kikubaaqudgha
  2154 | D:3      | Reached * piety under Kikubaaqudgha
  2154 | D:3      | Received a gift from Kikubaaqudgha
  2154 | D:3      | Reached ** piety under Kikubaaqudgha
  2159 | D:3      | Found a radiant altar of Vehumet.
  2163 | D:3      | Learned a level 1 spell: Necrotise
  2471 | D:3      | Reached XP level 5. HP: 42/46 MP: 4/4
  2733 | D:3      | Reached skill level 4 in Axes
  3298 | D:3      | Reached skill level 1 in Spellcasting
  3416 | D:3      | Reached skill level 1 in Necromancy
  3416 | D:3      | Reached XP level 6. HP: 20/52 MP: 6/6
  3724 | D:3      | Reached *** piety under Kikubaaqudgha
  3724 | D:3      | Received a gift from Kikubaaqudgha
  3867 | D:3      | HP: 2/52 [gnoll/+0 spear (4)]
  4733 | D:4      | Found a hide-covered altar of Uskayaw.
  5028 | D:4      | Found a bloodstained altar of Trog.
  5710 | D:4      | Reached **** piety under Kikubaaqudgha
  5798 | D:4      | Reached XP level 7. HP: 60/60 MP: 7/9
  6286 | D:5      | Entered Level 5 of the Dungeon
  6393 | D:5      | HP: 2/60 [iguana (5)]
  6398 | D:5      | Reached skill level 5 in Axes
  6594 | D:5      | Found a hazy altar of Hepliaklqana.
  6737 | D:5      | HP: 2/60 [acid (4)]
  6738 | D:5      | Splashed by a jelly's acid

Illustrated notes

Levels and vault maps discovered:
D:1:      minmay_arrival_arboretum_small, layout_loops_ring
D:2:      layout_basic, hellmonk_ecumenical_altar_prayer_group
D:3:      minmay_goblin_kobold_castle, layout_basic,
          minmay_overflow_temple_star_quad, serial_shops, nicolae_diamond_shop
D:4:      layout_layer_cave, mainiacjoe_overflow_catch_the_wave, goddamned_bats
D:5:      layout_basic, mainiacjoe_overflow_paths, minmay_temple_entry_slanted,
          uniq_menkaure

Skill      XL: |  1  2  3  4  5  6  7 |
---------------+----------------------+-----
Axes           | 3 4 5 |  5.2
Dodging        | 3 |  3.9
Fighting       | 4 |  4.6
Stealth        | 3 |  3.1
Spellcasting   | 1 2 |  2.7
Necromancy     | 1 2 |  2.2

Action                   |  1- 3 |  4- 6 |  7- 9 || total
-------------------------+-------+-------+-------++-------
Melee: Hand axe          |   134 |   436 |    96 ||   666
       Punch             |       |     3 |       ||     3
 Cast: Necrotise         |       |    32 |       ||    32
  Use: Scroll            |       |     6 |     3 ||     9
       Potion            |       |     4 |     1 ||     5
 Stab: Sleeping          |     8 |     7 |       ||    15
Armor: Robe              |    33 |   145 |    46 ||   224
Dodge: Dodged            |   103 |   347 |   114 ||   564

Table legend: (Time is in decaauts)
 A = Elapsed time spent in this place.
 B = Non-inter-level travel time spent in this place.
 C = Inter-level travel time spent in this place.
 D = Time resting spent in this place.
 E = Time spent auto-exploring this place.
 F = Levels seen in this place.
 G = Mean time per level.
                   A        B        C        D        E       F      G
               +--------+--------+--------+--------+--------+-----+--------+
         Total |   6811 |   6614 |    197 |    163 |   4850 |   5 | 1362.2 |
       Dungeon |   6811 |   6614 |    197 |    163 |   4850 |   5 | 1362.2 |
               +--------+--------+--------+--------+--------+-----+--------+

Top non-repeatable levels by time:
     D:3: 2610 daAuts
     D:4: 1754 daAuts
     D:1: 1066 daAuts
     D:2: 924 daAuts
     D:5: 455 daAuts
